 Dungeon Crawl Stone Soup version 0.26.0-18-gc5c842f807 (webtiles) character file.

Game seed: 435486232292715017

283 thiole the Sneak (level 6, -3/36 HPs)
             Began as an Octopode Hedge Wizard on Jan 22, 2021.
             Slain by an orc priest
             ... wielding a +0 hand axe of flaming
              (9 damage)
             ... on level 4 of the Dungeon.
             The game lasted 00:05:45 (4411 turns).

thiole the Sneak (Octopode Hedge Wizard)            Turns: 4411, Time: 00:05:46

Health: -3/36      AC:  1    Str:  9    XL:     6   Next: 28%
Magic:  10/11      EV: 13    Int: 18    God:
Gold:   179        SH:  0    Dex: 12    Spells: 4/12 levels left

rFire    . . .     SeeInvis .   h - +1 whip (venom)
rCold    . . .     Faith    .   (no shield)
rNeg     . . .     Spirit   .   b - +0 hat
rPois    .         Reflect  .   (no amulet)
rElec    .         Harm     .   (no ring)
rCorr    .         Rampage  .   (no ring)
Will     .....                  (no ring)
Stlth    ++++......             (no ring)
HPRegen  0.12/turn              (no ring)
MPRegen  0.12/turn              (no ring)
                                (no ring)
                                (no ring)

@: no status effects
A: almost no armour, stealthy swim, amphibious, 8 rings, constrict 8, camouflage
1, gelatinous body 1
a: no special abilities


You were on level 4 of the Dungeon.
You visited 1 branch of the dungeon, and saw 4 of its levels.

You collected 179 gold pieces.

Inventory:

Hand Weapons
 a - a +0 dagger
 h - a +1 whip of venom (weapon)
Armour
 b - a +0 hat (worn)
Jewellery
 j - an uncursed ring of protection from cold {unknown}
 l - an uncursed ring of magical power
Wands
 e - a wand of polymorph (15)
Scrolls
 c - 3 scrolls of identify {unknown}
 d - 4 scrolls of teleportation {unknown}
 k - 2 scrolls of remove curse {unknown}
 m - a scroll of amnesia {unknown}
Potions
 f - 6 potions of curing
 g - a potion of might
 i - 3 potions of mutation {unknown}
 n - a potion of brilliance {unknown}
 o - a potion of berserk rage {unknown}


   Skills:
 - Level 2.0 Dodging
 + Level 4.6 Stealth
 + Level 3.9 Spellcasting
 - Level 2.0 Conjurations
 + Level 1.9 Hexes
 - Level 2.0 Summonings
 - Level 1.0 Translocations
 * Level 3.0 Air Magic


You had 4 spell levels left.
You knew the following spells:

 Your Spells              Type           Power        Failure   Level
a - Magic Dart            Conj           40%          7%          1
b - Call Imp              Summ           10%          10%         2
c - Slow                  Hex            10%          11%         2
d - Mephitic Cloud        Conj/Pois/Air  9%           22%         3

Your spell library contained the following spells:

 Spells                   Type           Power        Failure   Level
 Blink                    Tloc           N/A          16%         2
 Conjure Flame            Conj/Fire      7%           30%         3


Dungeon Overview and Level Annotations

Branches:
Dungeon (4/15)
 Temple: D:4-7

Altars:
Vehumet

Annotations:
D:4 2 transporters, exclusion: statue, canine's ghost, amateur GnWn


Innate Abilities, Weirdness & Mutations

You cannot wear most types of armour.
You are very stealthy in the water. (Stealth+)
You are amphibious.
You can wear up to eight rings at the same time.
You can use your tentacles to constrict eight enemies at once.
Your skin changes colour to match your surroundings (Stealth+).
Your rubbery body absorbs attacks. (AC +1, EV +1)


Message History

Your crimson imp barely misses the orc.
You hit the orc priest but do no damage.
The orc priest is poisoned.
You squeeze the orc priest, but do no damage.
You constrict the orc priest. The orc priest barely misses you.
The orc closely misses you.
Your crimson imp hits the orc.
You hit the orc priest but do no damage.
The orc priest is lightly wounded.
You constrict the orc priest, but do no damage.
The orc priest hits you with a +0 hand axe of flaming.
The orc priest burns you.
Your crimson imp hits the orc.
The orc hits you with a +0 flail.
* * * LOW HITPOINT WARNING * * *
You hit the orc priest but do no damage.
The orc priest looks as sick as possible!
The orc priest is lightly wounded.
You constrict the orc priest.
Your crimson imp hits the orc.
The orc dies!
The orc priest hits you with a +0 hand axe of flaming!
You die...

.#######..... #...# #..... #...#
#..### .... # #.##.. .⌠≈..≈..≈
##. #..##.#######.#8.. ..≈..≈..≈
#... .............#..# ≈..≈≈...≈
#.#.###.##.######..#?.. ≈.......#
#.#.#..)..........©#?.. ........#
#....o@5...........#... .(......#
#....###.#.#######.#..# .........
#..................#8..
#).########.............#..#.##W.
(........##....####..##.#..#..###
)......#.##....####..# #..#.....
#####.##.##............ ...#.#..#
..........#...#####..#.##..#.#..#
######.#............>#.....#.#...


You could see an orc priest (extremely poisoned) and a friendly crimson imp
(summoned).

Vanquished Creatures
  A gnoll shaman (D:4)
  2 orc priests
  An orc wizard (D:3)
  A worker ant (D:4)
  A worker ant zombie (D:4)
  A gnoll (D:4)
  5 adders
  2 oozes
  4 worms
  5 leopard geckos
  2 orcs (D:3)
  A giant cockroach (D:2)
  6 goblins
  3 hobgoblins (D:2)
  8 kobolds
  5 bats
  7 frilled lizards
  5 rats
60 creatures vanquished.

Vanquished Creatures (collateral kills)
  2 gnolls (D:4)
  2 orcs (D:4)
4 creatures vanquished.

Grand Total: 64 creatures vanquished

Notes
Turn   | Place    | Note
-------+----------+-------------------------------------------
     0 | D:1      | thiole the Octopode Hedge Wizard began the quest for the
                  | Orb.
     0 | D:1      | Reached XP level 1. HP: 11/11 MP: 4/4
   295 | D:1      | Reached XP level 2. HP: 17/17 MP: 3/6
   632 | D:1      | Reached skill level 3 in Stealth
   751 | D:2      | Reached XP level 3. HP: 21/21 MP: 3/7
  1171 | D:2      | Learned a level 2 spell: Call Imp
  1174 | D:2      | Learned a level 2 spell: Slow
  1178 | D:2      | Learned a level 3 spell: Mephitic Cloud
  1484 | D:2      | Reached XP level 4. HP: 18/27 MP: 5/9
  1699 | D:2      | Reached skill level 1 in Air Magic
  2271 | D:3      | Noticed a wyvern
  2705 | D:3      | Reached skill level 1 in Hexes
  2705 | D:3      | Reached XP level 5. HP: 14/31 MP: 10/10
  3199 | D:3      | Reached skill level 4 in Stealth
  3672 | D:4      | Found a transporter.
  3679 | D:4      | Noticed canine's ghost (amateur GnWn)
  3702 | D:4      | Found a transporter.
  3797 | D:4      | Found a radiant altar of Vehumet.
  3797 | D:4      | Noticed a charred statue
  3900 | D:4      | Reached XP level 6. HP: 15/36 MP: 7/11
  4095 | D:4      | Noticed a phantom
  4411 | D:4      | Slain by an orc priest

Illustrated notes

Levels and vault maps discovered:
D:1:      evilmike_arrival_fibonacci_small, layout_basic,
          minmay_misc_feat_secret_circle
D:2:      layout_rooms
D:3:      layout_basic, minivault_14, lightli_corner_chamber
D:4:      cheibrodos_helix_gallery, layout_basic, lemuel_crystal_altar,
          vehumet_statue, gammafunk_ghost_arena, uniq_robin

Skill      XL: |  1  2  3  4  5  6 |
---------------+-------------------+-----
Stealth        | 3 4 |  4.6
Conjurations   | 2 |  2.0
Summonings     | 2 |  2.0
Air Magic      | 1 2 3 |  3.0
Hexes          | 1 |  1.9
Dodging        | |  2.0
Spellcasting   | |  3.9
Translocations | |  1.0

Action                   |  1- 3 |  4- 6 || total
-------------------------+-------+-------++-------
Melee: Dagger            |    47 |    13 ||    60
       Tentacles         |     5 |     7 ||    12
       Constrict         |     7 |    13 ||    20
       Whip              |       |    47 ||    47
 Cast: Magic Dart        |    49 |    81 ||   130
       Call Imp          |       |    15 ||    15
  Use: Potion            |     1 |     3 ||     4
 Stab: Sleeping          |       |     1 ||     1
Armor: Skin              |     5 |     3 ||     8
Dodge: Dodged            |    31 |    40 ||    71
